[ AOE2 MATCH · #475586539 ]
UnrankedMalians vs Shu
Player's team · WIN
Rival team · LOSS
[ REPLAY ANALYSIS · EXTRACTED FROM THE RECORDED GAME ]
Feudal
8:50
Castle
21:03
Imperial
39:18
| APM avg | 66.1 |
| APM peak | 179 |
| eAPM avg | 37.6 |
| Villagers / military | 166 / 319 |
Focus
⚔️ 40.1% · 🌾 59.9%
Scout Cavalry ×117 · Archer ×67 · Skirmisher ×50 · Knight ×29 · Hand Cannoneer ×26 · Trebuchet (Packed) ×11
Feudal
9:03
Castle
21:53
Imperial
41:25
| APM avg | 37.3 |
| APM peak | 71 |
| eAPM avg | 21.6 |
| Villagers / military | 222 / 227 |
Focus
⚔️ 39.1% · 🌾 60.9%
Archer ×130 · Scout Cavalry ×54 · White Feather Guard ×18 · Traction Trebuchet ×9 · Mangonel ×8 · Skirmisher ×5
Match map
Initial resources + every placement click. Lines = walls · curves = elevation contours. ◆ gold · ⬟ stone · ● berries · ✦ relic · ◌ wall gap
Your base· Open — unwalled flank
lenko's base· ✓ Closed at 21:53 · 30t walls · 1 gate(s)
Smoothed initial terrain · ◌ = detected wall gap · hover for details
Inputs per minute
— Yax - - lenko
Build order — Yax
First 150 of 751 actions detected
| 0:00 | Queue | Villager (Male) |
| 0:00 | Queue | Villager (Male) |
| 0:00 | Queue | Villager (Male) |
| 0:02 | Build | House |
| 0:03 | Build | House |
| 0:10 | Queue | Villager (Male) |
| 1:25 | Queue | Villager (Male) |
| 1:58 | Queue | Villager (Male) |
| 2:13 | Queue | Villager (Male) |
| 2:37 | Build | Lumber Camp |
| 2:48 | Queue | Villager (Male) |
| 2:48 | Queue | Villager (Male) |
| 3:37 | Build | House |
| 3:40 | Queue | Villager (Male) |
| 3:40 | Queue | Villager (Male) |
| 4:12 | Queue | Villager (Male) |
| 4:31 | Build | Mill |
| 4:43 | Queue | Villager (Male) |
| 5:10 | Queue | Villager (Male) |
| 5:43 | Queue | Villager (Male) |
| 6:15 | Research | Loom |
| 6:33 | Research | Feudal Age |
| 7:44 | Build | Barracks |
| 7:47 | Build | House |
| 8:09 | Queue | Villager (Male) |
| 8:50 | Age | Feudal Age |
| 8:56 | Build | Archery Range |
| 8:58 | Research | Double-Bit Axe |
| 9:00 | Queue | Villager (Male) |
| 9:01 | Queue | Spearman |
| 9:24 | Build | House |
| 9:24 | Build | House |
| 9:27 | Queue | Villager (Male) |
| 9:41 | Queue | Skirmisher |
| 9:41 | Queue | Skirmisher |
| 9:43 | Queue | Spearman |
| 9:50 | Build | Mill |
| 9:57 | Build | Farm |
| 10:01 | Queue | Villager (Male) |
| 10:16 | Build | Farm |
| 10:18 | Build | Farm |
| 10:18 | Queue | Villager (Male) |
| 10:33 | Build | Farm |
| 10:34 | Build | Farm |
| 10:48 | Queue | Villager (Male) |
| 10:49 | Build | Farm |
| 10:53 | Queue | Skirmisher |
| 10:56 | Build | House |
| 11:25 | Queue | Villager (Male) |
| 11:28 | Build | Farm |
| 11:30 | Build | Farm |
| 11:30 | Queue | Skirmisher |
| 11:30 | Queue | Skirmisher |
| 11:44 | Queue | Villager (Male) |
| 11:48 | Build | Farm |
| 11:52 | Build | House |
| 12:17 | Queue | Villager (Male) |
| 12:21 | Build | Farm |
| 12:29 | Queue | Villager (Male) |
| 12:29 | Queue | Villager (Male) |
| 12:31 | Queue | Skirmisher |
| 12:31 | Queue | Skirmisher |
| 12:38 | Build | House |
| 13:10 | Build | Blacksmith |
| 13:12 | Build | Palisade Wall |
| 13:14 | Queue | Villager (Male) |
| 13:28 | Queue | Skirmisher |
| 13:50 | Queue | Villager (Male) |
| 13:50 | Queue | Villager (Male) |
| 13:51 | Build | Farm |
| 13:54 | Build | House |
| 13:58 | Build | House |
| 14:12 | Research | Fletching |
| 14:43 | Queue | Villager (Male) |
| 14:45 | Build | Farm |
| 14:50 | Queue | Villager (Male) |
| 15:02 | Build | Farm |
| 15:03 | Queue | Villager (Male) |
| 15:09 | Build | House |
| 15:46 | Build | Mining Camp |
| 15:56 | Queue | Skirmisher |
| 15:56 | Queue | Skirmisher |
| 16:01 | Build | Lumber Camp |
| 16:02 | Queue | Villager (Male) |
| 16:04 | Queue | Villager (Male) |
| 16:32 | Queue | Spearman |
| 16:32 | Queue | Spearman |
| 16:34 | Queue | Skirmisher |
| 16:37 | Research | Padded Archer Armor |
| 16:38 | Queue | Villager (Male) |
| 16:49 | Build | Palisade Wall |
| 16:52 | Build | Palisade Wall |
| 16:53 | Build | Palisade Wall |
| 16:54 | Build | Palisade Wall |
| 16:58 | Queue | Skirmisher |
| 16:58 | Queue | Spearman |
| 17:01 | Build | House |
| 17:02 | Queue | Villager (Male) |
| 17:03 | Build | Farm |
| 17:05 | Queue | Archer |
| 17:11 | Queue | Villager (Male) |
| 17:16 | Queue | Skirmisher |
| 17:18 | Queue | Spearman |
| 17:24 | Build | House |
| 17:34 | Build | Farm |
| 17:52 | Queue | Archer |
| 18:01 | Build | Archery Range |
| 18:22 | Build | Farm |
| 18:23 | Research | Castle Age |
| 19:02 | Research | Gold Mining |
| 19:02 | Research | Gold Mining |
| 19:03 | Queue | Archer |
| 19:06 | Queue | Archer |
| 19:22 | Research | Horse Collar |
| 19:22 | Research | Horse Collar |
| 19:26 | Queue | Archer |
| 19:27 | Queue | Archer |
| 19:45 | Queue | Archer |
| 19:46 | Queue | Archer |
| 19:49 | Build | House |
| 20:17 | Queue | Archer |
| 20:18 | Queue | Archer |
| 20:21 | Build | Farm |
| 20:39 | Queue | Villager (Male) |
| 21:03 | Age | Castle Age |
| 21:12 | Queue | Villager (Male) |
| 21:12 | Queue | Villager (Male) |
| 21:16 | Queue | Villager (Male) |
| 21:18 | Research | Bodkin Arrow |
| 21:26 | Research | Crossbowman (upgrade) |
| 21:38 | Build | University |
| 21:43 | Build | Farm |
| 21:44 | Build | Farm |
| 21:47 | Queue | Archer |
| 21:47 | Queue | Archer |
| 22:08 | Queue | Villager (Male) |
| 22:15 | Queue | Archer |
| 22:15 | Queue | Archer |
| 22:16 | Queue | Archer |
| 22:21 | Build | House |
| 22:24 | Research | Wheelbarrow |
| 22:24 | Research | Wheelbarrow |
| 23:16 | Queue | Villager (Male) |
| 23:17 | Queue | Villager (Male) |
| 23:20 | Research | Ballistics |
| 23:20 | Research | Ballistics |
| 23:22 | Research | Bow Saw |
| 23:30 | Build | Farm |
| 23:39 | Queue | Archer |
| 23:40 | Queue | Archer |
Build order — lenko
First 150 of 457 actions detected
| 0:01 | Queue | Villager (Male) |
| 0:02 | Build | House |
| 0:04 | Build | House |
| 0:10 | Queue | Villager (Male) ×3 |
| 1:26 | Queue | Villager (Male) |
| 1:55 | Queue | Villager (Male) |
| 2:27 | Queue | Villager (Male) |
| 2:35 | Build | Lumber Camp |
| 2:48 | Queue | Villager (Male) |
| 3:03 | Queue | Villager (Male) |
| 3:14 | Build | House |
| 3:30 | Queue | Villager (Male) |
| 3:47 | Queue | Villager (Male) |
| 4:26 | Queue | Villager (Male) |
| 4:26 | Queue | Villager (Male) |
| 4:51 | Build | Mill |
| 5:00 | Queue | Villager (Male) |
| 5:00 | Queue | Villager (Male) |
| 5:20 | Build | House |
| 5:51 | Research | Loom |
| 6:03 | Build | Mining Camp |
| 6:53 | Research | Feudal Age |
| 7:34 | Build | House |
| 8:09 | Build | Palisade Wall |
| 8:24 | Build | Barracks |
| 8:26 | Queue | Villager (Male) |
| 8:47 | Queue | Villager (Male) |
| 9:03 | Age | Feudal Age |
| 9:08 | Research | Double-Bit Axe |
| 9:10 | Build | Archery Range |
| 9:18 | Queue | Villager (Male) |
| 9:31 | Research | Horse Collar |
| 9:42 | Queue | Villager (Male) |
| 9:44 | Build | Farm |
| 9:56 | Queue | Archer |
| 9:57 | Queue | Archer |
| 10:04 | Build | House |
| 10:06 | Build | House |
| 10:23 | Build | Farm |
| 10:25 | Queue | Villager (Male) |
| 10:33 | Build | Palisade Wall |
| 10:54 | Build | Farm |
| 10:59 | Queue | Villager (Male) |
| 11:05 | Build | House |
| 11:26 | Queue | Archer |
| 11:27 | Queue | Archer |
| 11:28 | Queue | Villager (Male) |
| 11:42 | Queue | Skirmisher |
| 11:47 | Queue | Skirmisher |
| 11:48 | Queue | Villager (Male) |
| 11:52 | Build | Farm |
| 12:03 | Build | Farm |
| 12:20 | Queue | Villager (Male) |
| 12:23 | Build | Blacksmith |
| 12:34 | Queue | Villager (Male) |
| 12:44 | Build | Farm |
| 12:48 | Build | House |
| 12:52 | Queue | Skirmisher |
| 12:52 | Queue | Skirmisher |
| 13:04 | Queue | Villager (Male) |
| 13:28 | Research | Fletching |
| 13:30 | Queue | Villager (Male) |
| 13:33 | Build | Farm |
| 13:37 | Build | House |
| 13:39 | Build | Palisade Wall |
| 13:50 | Queue | Archer |
| 13:50 | Queue | Archer |
| 13:50 | Queue | Archer |
| 13:52 | Queue | Villager (Male) |
| 13:52 | Queue | Villager (Male) |
| 14:14 | Queue | Villager (Male) ×2 |
| 14:23 | Queue | Skirmisher |
| 14:42 | Queue | Villager (Male) |
| 14:43 | Queue | Villager (Male) |
| 14:46 | Queue | Archer |
| 14:58 | Build | Stable |
| 15:05 | Build | Farm |
| 15:10 | Queue | Villager (Male) |
| 15:15 | Queue | Archer |
| 15:18 | Build | House |
| 15:19 | Build | Palisade Wall |
| 15:24 | Build | Palisade Wall |
| 15:25 | Build | Palisade Wall |
| 15:27 | Build | Palisade Wall |
| 15:31 | Queue | Villager (Male) |
| 15:33 | Build | Farm |
| 15:43 | Build | House |
| 15:53 | Queue | Scout Cavalry |
| 15:53 | Queue | Scout Cavalry |
| 15:55 | Queue | Archer |
| 16:15 | Build | Palisade Wall |
| 16:22 | Queue | Villager (Male) |
| 16:22 | Queue | Villager (Male) |
| 16:22 | Queue | Villager (Male) |
| 16:24 | Build | Farm |
| 16:40 | Queue | Archer |
| 16:46 | Build | Farm |
| 17:10 | Build | Palisade Gate |
| 17:20 | Build | Farm |
| 17:34 | Queue | Archer |
| 17:41 | Queue | Villager (Male) |
| 17:41 | Queue | Villager (Male) |
| 17:42 | Build | Farm |
| 18:11 | Queue | Villager (Male) |
| 18:21 | Build | Farm |
| 18:37 | Queue | Villager (Male) |
| 18:55 | Build | Lumber Camp |
| 19:13 | Research | Castle Age |
| 19:21 | Queue | Archer |
| 19:24 | Queue | Archer |
| 20:10 | Research | Padded Archer Armor |
| 20:13 | Research | Gold Mining |
| 20:16 | Queue | Villager (Male) |
| 20:16 | Queue | Villager (Male) |
| 20:16 | Queue | Villager (Male) |
| 20:29 | Queue | Archer |
| 20:29 | Queue | Archer |
| 21:25 | Queue | Archer |
| 21:32 | Build | Archery Range |
| 21:53 | Age | Castle Age |
| 21:59 | Build | University |
| 22:02 | Research | Crossbowman (upgrade) |
| 22:03 | Research | Bodkin Arrow |
| 22:04 | Research | Leather Archer Armor |
| 22:06 | Research | Bow Saw |
| 22:21 | Queue | Unit 1944 |
| 22:35 | Build | House |
| 22:49 | Queue | Villager (Male) |
| 22:50 | Queue | Villager (Male) |
| 22:54 | Build | Siege Workshop |
| 23:00 | Queue | Unit 1944 |
| 23:04 | Queue | Archer |
| 23:05 | Queue | Archer |
| 23:08 | Build | Farm |
| 23:19 | Queue | Villager (Male) |
| 23:41 | Queue | Mangonel |
| 23:59 | Queue | Villager (Male) |
| 24:00 | Queue | Villager (Male) |
| 24:00 | Queue | Villager (Male) |
| 24:01 | Queue | Villager (Male) |
| 24:07 | Build | Palisade Wall |
| 24:14 | Build | Farm |
| 24:19 | Build | Farm |
| 24:26 | Build | Farm |
| 24:27 | Queue | Villager (Male) |
| 24:27 | Queue | Villager (Male) |
| 24:38 | Build | Town Center |
| 24:59 | Queue | Villager (Male) |
| 25:16 | Research | Ballistics |
| 25:18 | Queue | Archer |
Match timeline
| 7:44 | Yax · first_building Barracks |
| 8:09 | lenko · wall_segment Palisade Wall x1 |
| 8:24 | lenko · first_building Barracks |
| 8:50 | Yax · age_up feudal |
| 8:56 | Yax · first_building Archery Range |
| 9:03 | lenko · age_up feudal |
| 9:10 | lenko · first_building Archery Range |
| 10:33 | lenko · wall_segment Palisade Wall x1 |
| 13:12 | Yax · wall_segment Palisade Wall x1 |
| 13:39 | lenko · wall_segment Palisade Wall x7 |
| 14:58 | lenko · first_building Stable |
| 15:19 | lenko · wall_segment Palisade Wall x2 |
| 15:24 | lenko · wall_segment Palisade Wall x1 |
| 15:25 | lenko · wall_segment Palisade Wall x1 |
| 15:27 | lenko · wall_segment Palisade Wall x4 |
| 16:15 | lenko · wall_segment Palisade Wall x13 |
| 16:49 | Yax · wall_segment Palisade Wall x4 |
| 16:52 | Yax · wall_segment Palisade Wall x12 |
| 16:53 | Yax · wall_segment Palisade Wall x1 |
| 16:54 | Yax · wall_segment Palisade Wall x1 |
| 21:03 | Yax · age_up castle |
| 21:53 | lenko · age_up castle |
| 22:54 | lenko · first_building Siege Workshop |
| 24:07 | lenko · wall_segment Palisade Wall x3 |
| 25:29 | Yax · first_building Monastery |
| 27:48 | lenko · first_building Monastery |
| 29:11 | Yax · first_building Siege Workshop |
| 33:31 | lenko · first_market_buy 100 food |
| 33:58 | lenko · first_building Castle |
| 35:28 | Yax · first_market_sell 100 food |
| 36:50 | Yax · first_building Castle |
| 38:13 | Yax · wall_segment Stone Wall x10 |
| 39:18 | Yax · age_up imperial |
| 41:25 | lenko · age_up imperial |
| 42:18 | Yax · first_building Stable |
| 42:56 | Yax · first_market_buy 100 wood |
| 44:19 | lenko · first_market_sell 100 wood |
| 54:43 | lenko · resign |
[ AI ANALYSIS · 1 CREDIT ]
What really happened in this match?
Wolo.gg analyzes every decision: build order, eco, micro, common mistakes by bracket. Personalized analysis on WhatsApp or Discord in 30 seconds.
Civ guide
Malians
Perfil
Yasin